 Dungeon Crawl Stone Soup version 0.26.1-11-gd32895ea62 (webtiles) character file.

Game seed: 9513407691251904842

250 dtburroughs the Chopper (level 5, -2/48 HPs)
             Began as a Minotaur Berserker on May 12, 2021.
             Was a Believer of Trog.
             Killed from afar by an orc wizard (5 damage)
             ... with a puff of frost
             ... on level 4 of the Dungeon.
             The game lasted 00:05:47 (2925 turns).

dtburroughs the Chopper (Minotaur Berserker)        Turns: 2925, Time: 00:05:48

Health: -2/48      AC:  9    Str: 22    XL:     5   Next: 88%
Magic:  4/4        EV:  9    Int:  5    God:    Trog [**....]
Gold:   68         SH:  0    Dex:  9    Spells: 4/4 levels left

rFire    . . .     SeeInvis .   a - +0 hand axe
rCold    . . .     Faith    .   (no shield)
rNeg     . . .     Spirit   .   m - +0 chain mail
rPois    .         Reflect  .   (helmet restricted)
rElec    .         Harm     .   (no cloak)
rCorr    .         Rampage  .   (no gloves)
Will     .....                  (no boots)
Stlth    ..........             (no amulet)
HPRegen  0.16/turn              (no ring)
MPRegen  0.09/turn              (no ring)

@: no status effects
A: retaliatory headbutt, horns 2
a: Renounce Religion, Berserk, Trog's Hand


You were on level 4 of the Dungeon.
You worshipped Trog.
Trog was pleased with you.
You visited 1 branch of the dungeon, and saw 4 of its levels.

You collected 68 gold pieces.

Inventory:

Hand Weapons
 a - a +0 hand axe (weapon)
Armour
 m - a +0 chain mail (worn)
Wands
 p - a wand of disintegration (11)
Scrolls
 b - 3 scrolls of enchant weapon {unknown}
 g - a scroll of remove curse {unknown}
 h - 2 scrolls of identify {unknown}
 j - 2 scrolls of immolation {unknown}
 k - a scroll of teleportation {unknown}
 o - a scroll of noise {unknown}
 q - a scroll of enchant armour {unknown}
 r - a scroll of amnesia {unknown}
Potions
 c - a potion of flight {unknown}
 d - a potion of curing {unknown}
 e - 2 potions of berserk rage {unknown}
 f - a potion of lignification {unknown}
 i - 2 potions of heal wounds {unknown}
 l - 2 potions of attraction {unknown}
 n - a potion of degeneration {unknown}
 s - a potion of cancellation {unknown}


   Skills:
 + Level 5.0 Fighting
 + Level 5.0 Axes
 + Level 4.2 Armour
 + Level 3.8 Dodging


You had 4 spell levels left.
You didn't know any spells.
Your spell library was empty.

Dungeon Overview and Level Annotations

Branches:
Dungeon (4/15)
 Temple: D:4-7

Altars:

Annotations:
D:4 3 runed translucent doors


Innate Abilities, Weirdness & Mutations

You reflexively headbutt those who attack you in melee.
You have a pair of horns on your head.


Message History

You barely miss the orc wizard.
The orc wizard gestures at you while chanting.
The magic dart hits you!
The orc wizard hits you but does no damage.
The orc priest hits you with a +0 flail.
You closely miss the orc wizard.
The orc wizard is moderately wounded.
You closely miss the orc priest.
The orc wizard hits you but does no damage.
You hit the orc priest.
You headbutt the orc priest, but do no damage.
The orc priest is almost dead.
You hit the orc wizard.
The orc wizard hits you but does no damage.
The orc priest mumbles some strange prayers to Beogh against you.
Pain shoots through your body!
* * * LOW HITPOINT WARNING * * *
The orc wizard points at you and mumbles some strange words.
The puff of frost hits you.
You die...

.# #.# .
####..#..
#..#.#..# .
#......# ..
##......#...
####..$# #... #
#.o@)..# .+...
#...#o..)##..+...
###.....†..$.+...
##....>....#...
#.B.#.).##.#...
#..##..... ##..
...# #....#. #
.... #...## ..
..#. #...# #


You could see a worker ant, an orc priest and an orc wizard (fast).

Vanquished Creatures
  Terence (D:2)
  A worker ant (D:4)
  Ijyb (D:3)
  Natasha (twice) (D:2)
  An orc wizard (D:3)
  2 adders (D:3)
  An ooze (D:1)
  4 dart slugs
  A leopard gecko (D:2)
  6 orcs
  A ball python (D:3)
  3 giant cockroaches
  4 goblins
  7 hobgoblins
  9 jackals
  A quokka (D:3)
  8 bats
  4 frilled lizards
  A kobold (D:2)
  3 rats
61 creatures vanquished.

Notes
Turn   | Place    | Note
-------+----------+-------------------------------------------
     0 | D:1      | dtburroughs the Minotaur Berserker began the quest for the
                  | Orb.
     0 | D:1      | Reached XP level 1. HP: 19/19 MP: 0/0
   380 | D:1      | Reached XP level 2. HP: 25/27 MP: 1/1
   987 | D:2      | Noticed Natasha
   993 | D:2      | Noticed a crimson imp
   997 | D:2      | Noticed a crimson imp
   998 | D:2      | Noticed a crimson imp
  1004 | D:2      | Killed Natasha
  1005 | D:2      | Reached XP level 3. HP: 13/33 MP: 2/2
  1315 | D:2      | Noticed Natasha
  1323 | D:2      | Killed Natasha
  1324 | D:2      | Reached XP level 4. HP: 23/41 MP: 3/3
  1505 | D:2      | Reached ** piety under Trog
  1717 | D:2      | Noticed Terence
  1728 | D:2      | Killed Terence
  2164 | D:3      | Noticed Ijyb
  2185 | D:3      | Killed Ijyb
  2186 | D:3      | Reached XP level 5. HP: 40/47 MP: 4/4
  2720 | D:3      | Reached skill level 5 in Axes
  2896 | D:4      | Reached skill level 5 in Fighting
  2898 | D:4      | Found a runed translucent gate.
  2899 | D:4      | Found a runed translucent gate.
  2899 | D:4      | Found a runed translucent gate.
  2925 | D:4      | Killed from afar by an orc wizard

Illustrated notes

Levels and vault maps discovered:
D:1:      evilmike_arrival_plus, layout_basic, minmay_misc_feat_room
D:2:      layout_loops_corners, uniq_terence, uniq_natasha
D:3:      layout_loops_ring, chequers_jeans, uniq_ijyb
D:4:      layout_rooms, minmay_temple_entry_enclosed_plants,
          gammafunk_ghost_icy, minmay_splitting_lines, grunt_gozag_statues,
          uniq_eustachio

Skill      XL: |  1  2  3  4  5 |
---------------+----------------+-----
Fighting       | 4 5 |  5.0
Axes           | 4 5 |  5.0
Armour         | 3 4 |  4.2
Dodging        | 3 |  3.8

Action                   |  1- 3 |  4- 6 || total
-------------------------+-------+-------++-------
Melee: Hand axe          |    53 |   113 ||   166
       Headbutt          |     5 |    15 ||    20
Armor: Animal skin       |     8 |       ||     8
       Scale mail        |     6 |    19 ||    25
       Chain mail        |       |    48 ||    48
Dodge: Dodged            |    37 |    64 ||   101
